 Dungeon Crawl Stone Soup version 0.21-a0-185-g3a6ed1e (console) character file.

18 Duffy the Caller (level 2, 0/15 HPs)
             Began as a Deep Elf Summoner on Aug 12, 2017.
             Killed from afar by a dart slug (3 damage)
             ... with a slug dart
             ... on level 2 of the Dungeon.
             The game lasted 00:02:10 (1634 turns).

Duffy the Caller (Deep Elf Summoner)                Turns: 1634, Time: 00:02:10

Health: 0/15       AC:  2    Str:  5    XL:     2   Next: 51%
Magic:  8/8        EV: 13    Int: 22    God:
Gold:   74         SH:  0    Dex: 15    Spells: 4/7 levels left

rFire    . . .     SeeInvis .   b - book of Callings
rCold    . . .     Gourm    .   (no shield)
rNeg     . . .     Faith    .   a - +0 robe
rPois    .         Spirit   .   (no helmet)
rElec    .         Reflect  .   (no cloak)
rCorr    .         Harm     .   (no gloves)
MR       .....                  (no boots)
Stlth    ++........             m - amulet of rage
HPRegen  0.05/turn              k - +5 ring of slaying
MPRegen  0.11/turn              l - +3 ring of intelligence

@: no status effects
A: no striking features
a: Evoke Berserk Rage


You were on level 2 of the Dungeon.
You were not hungry.

You visited 1 branch of the dungeon, and saw 2 of its levels.

You collected 74 gold pieces.

Inventory:

Armour
 a - a +0 robe (worn)
Jewellery
 k - a +5 ring of slaying (left hand)
 l - a +3 ring of intelligence (right hand)
 m - an amulet of rage (around neck)
Scrolls
 g - a scroll of magic mapping {unknown}
 i - a scroll of fear {unknown}
Potions
 d - 2 potions of flight {unknown}
 e - 3 potions of mutation {unknown}
 f - a potion of might {unknown}
 h - a potion of curing {unknown}
Books
 b - a book of Callings (in hand)

   Spells                             Type                      Level
   a - Summon Small Mammal            Summoning                    1
   b - Call Imp                       Summoning                    2
   c - Call Canine Familiar           Summoning                    3
   d - Summon Guardian Golem          Hexes/Summoning              3
   e - Summon Lightning Spire         Summoning/Air                4
   f - Summon Ice Beast               Ice/Summoning                4
Comestibles
 c - 3 bread rations
 j - a meat ration
 n - 2 chunks of flesh


   Skills:
 - Level 2.4 Dodging
 - Level 2.4 Stealth
 + Level 3.3 Spellcasting
 * Level 5.0 Summonings


You had 4 spell levels left.
You knew the following spells:

 Your Spells              Type           Power        Failure   Level  Hunger
h - Summon Small Mammal   Summ           ####         1%          1    None
j - Call Imp              Summ           ####....     2%          2    ##.....


Dungeon Overview and Level Annotations

Branches:
Dungeon (2/15)

Altars:
Ru
Yredelemnul

Annotations:
D:2 Natasha


Message History

The kobold throws a stone.
The stone barely misses you. The kobold closely misses you.
Natasha, Servant of Life and Death comes into view.
You clumsily bash the kobold.
The kobold is moderately wounded.
The kobold closely misses you.
Natasha casts a spell.
The kobold hits you with a short sword.
The kobold throws a stone.
The stone barely misses you.
You completely miss the kobold.
The kobold is moderately wounded.
The kobold hits you with a short sword. The dart slug launches a dart at you.
The slug dart hits you!
You see here a stone.
You clumsily bash the kobold.
You kill the kobold!
The dart slug launches a dart at you. The slug dart hits you!
You die...

#.......# ##.### ......#.#
#....# #.##### #....#
......# ##### ##.... ...##.#
#...### #....### _.)##.#
#.....## #...... ......#
+......# #....#
.#.######......#####K.###..
................@).w5.......
.#.######.#.....####..######
...# #.#.....# #..# ####
#.#.....# #..# ........#
#..# .......... ...#
#...##########.# #...# ..


You could see a shadow imp, a dart slug and a kobold.

Vanquished Creatures
  A frilled lizard (D:2)
  A kobold (D:2)
2 creatures vanquished.

Vanquished Creatures (collateral kills)
  2 oozes
  A dart slug (D:1)
  A giant cockroach (D:2)
  3 goblins
  2 hobgoblins (D:1)
  A bat (D:1)
  A frilled lizard (D:2)
  4 kobolds (D:1)
  3 rats (D:1)
18 creatures vanquished.

Grand Total: 20 creatures vanquished

Notes
Turn   | Place    | Note
-------+----------+-------------------------------------------
     0 | D:1      | Duffy the Deep Elf Summoner began the quest for the Orb.
     0 | D:1      | Reached XP level 1. HP: 10/10 MP: 6/6
   278 | D:1      | Reached XP level 2. HP: 15/15 MP: 6/8
   282 | D:1      | Learned a level 2 spell: Call Imp
  1396 | D:2      | Found a sacrificial altar of Ru.
  1518 | D:2      | Found a basalt altar of Yredelemnul.
  1530 | D:2      | Reached skill level 5 in Summonings
  1628 | D:2      | Noticed Natasha
  1634 | D:2      | Killed from afar by a dart slug

Vault maps used:
D:1:      dpeg_arrival_refuge, minmay_misc_feat_room, nrook_mini_vaults,
          minmay_heptomino_l4
D:2:      overflow_temple_1_default, first_bread, nicolae_ru_awakened_eye,
          uniq_natasha

Skill      XL: |  1  2 |
---------------+-------+-----
Summonings     | 5 |  5.0
Dodging        | |  2.4
Stealth        | |  2.4
Spellcasting   | |  3.3

Action                   || total
-------------------------++-------
 Cast: Summon Small Mamm ||    21
       Call Imp          ||     5
  Eat: Chunk             ||     2
Armor: Robe              ||     1
Dodge: Dodged            ||    15
